 Dungeon Crawl Stone Soup version 0.26-a0-597-gb535b0901c (webtiles) character file.

Game seed: 12159451508158588621

26502 Lanoc the Carver (level 13, -1/83 HPs)
             Began as a Tengu Berserker on Aug 28, 2020.
             Was a High Priest of Trog.
             Killed by divine providence
             ... invoked by a meliai
              (17 damage)
             ... on level 15 of the Dungeon.
             The game lasted 00:18:42 (11652 turns).

Lanoc the Carver (Tengu Berserker)                 Turns: 11652, Time: 00:18:43

Health: -1/83      AC: 30    Str: 23    XL:     13   Next: 26%
Magic:  14/14      EV: 17    Int:  6    God:    Trog [*****.]
Gold:   1126       SH:  6    Dex: 19    Spells: 12/12 levels left

rFire    . . .     SeeInvis .   I - +3 scimitar
rCold    + . .     Faith    .   F - +0 buckler
rNeg     . . .     Spirit   .   B - +15 Maxwell's patent armour {-Cast -Tele rElec MR+ rCorr}
rPois    .         Reflect  .   (helmet restricted)
rElec    +         Harm     .   (no cloak)
rCorr    +         NoTele   +   (no gloves)
MR       ++++.     NoCast   +   (boots unavailable)
Stlth    ..........             (no amulet)
HPRegen  1.23/turn              v - +6 ring of strength
MPRegen  0.14/turn              (no ring)

@: berserk cooldown, flying quickly and evasively, regenerating, slowed, very
slow
A: beak, talons 3, cold resistance 1, dopey 1, magic resistance 1, MP-powered
wands, able to fly
a: Stop Flying, Berserk, Trog's Hand, Brothers in Arms, Renounce Religion


You were on level 15 of the Dungeon.
You worshipped Trog.
Trog was extremely pleased with you.
You visited 2 branches of the dungeon, and saw 16 of its levels.
You also visited: Sewer and Bailey.

You collected 1126 gold pieces.

Inventory:

Hand Weapons
 I - a +3 scimitar (weapon)
Armour
 B - the +15 Maxwell's patent armour (worn) {-Cast -Tele rElec MR+ rCorr}
   (You found it on level 7 of the Dungeon)

   It insulates you from electricity.
   It affects your resistance to hostile enchantments.
   It prevents spellcasting.
   It prevents most forms of teleportation.
   It provides partial protection from all sources of acid and corrosion.
 F - a +0 buckler (worn)
Jewellery
 v - a +6 ring of strength (left hand)
Wands
 a - a wand of digging (2)
 b - a wand of random effects (16)
 e - a wand of disintegration (10)
 g - a wand of acid (7)
 t - a wand of enslavement (12)
Scrolls
 c - 4 scrolls of remove curse
 d - 3 scrolls of enchant armour
 h - 2 scrolls of magic mapping
 i - a scroll of random uselessness {unknown}
 j - 6 scrolls of teleportation
 k - 4 scrolls of amnesia {unknown}
 l - 12 scrolls of identify {unknown}
 m - 5 scrolls of fog {unknown}
 n - a scroll of immolation
 s - a scroll of silence {unknown}
 u - 2 scrolls of vulnerability {unknown}
 y - 3 scrolls of blinking {unknown}
 A - a scroll of enchant weapon {unknown}
 G - a scroll of fear
Potions
 f - 2 potions of curing
 o - 5 potions of might
 p - 2 potions of mutation
 q - a potion of haste {unknown}
 r - a potion of lignification {unknown}
 x - 3 potions of magic {unknown}
 z - 2 potions of flight {unknown}
 C - a potion of stabbing {unknown}
 D - 2 potions of brilliance {unknown}
 E - a potion of invisibility {unknown}
 H - a potion of resistance {unknown}


   Skills:
 + Level 10.6 Fighting
 - Level 14.0 Long Blades
 + Level 11.2 Armour
 + Level 11.3 Dodging
 - Level 4.0 Shields


You had 12 spell levels left.
You didn't know any spells.
Your spell library was empty.

Dungeon Overview and Level Annotations

Branches:
Dungeon (15/15)            Temple (1/1) D:4            Lair (0/6) D:9
    Orc (0/2) D:12         Vaults (0/5) D:14          Sewer (visited)
 Bailey (visited)
 Depths: D:15

Altars:
Cheibriados
Elyvilon
Fedhas
Sif Muna
The Shining One

Shops:
D:8 [   D:9 ?

Annotations:
D:4 Pikel


Innate Abilities, Weirdness & Mutations

You have a beak for a mouth.
You have claws for feet.
You can fly continuously.
Your flesh is cold resistant. (rC+)
You are dopey. (Int -2)
You are resistant to hostile enchantments. (MR+)
You expend magic power (3 MP) to strengthen your wands.


Message History

You feel sick.
A meliai comes into view. It is wielding a +0 hand axe.
The meliai barely misses you. The meliai closely misses you.
The meliai buzzes angrily.
You slash the meliai!
You kill the meliai!
Trog accepts your kill.
You feel sick.
The meliai mumbles some strange prayers to its god against you.
Something smites you!
* * * LOW HITPOINT WARNING * * *
You feel a strong urge to attack something.
You are no longer berserk.
You are exhausted.
You feel yourself slow down.
You feel sick.
You feel sick.
You feel better.
The meliai calls down the wrath of its god upon you.
Something smites you!
You die...

........ .......
.....# ....# #...#
##†..# ##.†..#
##.<..†#####.#
#####.....@......#
##........#####...#
#.......y.# .#
......))..#
..........#
..........#
......<.y.#
..........#
..........#


You could see a meliai.

Vanquished Creatures
  An ironheart preserver (D:14)
  Josephine (D:12)
  2 two-headed ogres
  A tengu warrior (D:14)
  4 skeletal warriors
  An unseen horror (D:10)
  An orc knight (D:8)
  2 manticores (D:14)
  2 ugly things (D:12)
  A cyclops (D:14)
  2 gargoyles
  Maggie (D:6)
  A yaktaur (D:14)
  2 meliai (D:15)
  3 trolls
  16 slime creatures
  A hippogriff (D:7)
  A shadow (D:11)
  A vampire (D:11)
  7 wraiths
  5 yaks
  2 steam dragons (D:9)
  A warg (D:12)
  Menkaure (D:4)
  6 vampire mosquitoes
  An acid dragon (D:14)
  A water moccasin (D:6)
  2 black bears
  2 ice beasts
  A sky beast (D:10)
  8 orc warriors
  An eye of draining (D:12)
  7 ogres
  6 centaurs
  3 lemures (D:4)
  8 big kobolds
  Blork the orc (D:4)
  5 gnoll sergeants
  6 bullfrogs
  2 wyvern skeletons
  A water moccasin zombie (D:5)
  6 scorpions
  6 killer bees (D:10)
  19 wights
  5 electric eels (D:11)
  2 bullfrog zombies
  3 jellies
  10 orc priests
  2 bullfrog skeletons
  9 hounds
  2 gnoll shamans (D:8)
  9 orc wizards
  5 centaur skeletons
  4 iguanas
  11 worker ants
  A hound zombie (D:9)
  A worker ant zombie (D:10)
  13 gnolls
  17 adders
  2 river rats
  A shadow imp (D:7)
  A white imp (D:5)
  4 ufetubi
  2 oozes (Sewer)
  An adder skeleton (D:4)
  3 worms
  3 dart slugs
  3 leopard geckos
  25 orcs
  A giant cockroach (D:7)
  4 goblins
  7 hobgoblins
  3 jackals (D:5)
  24 kobolds
  6 quokkas
  3 ball pythons
  A ball python skeleton (D:5)
  3 bats
  2 frilled lizards
  A giant cockroach zombie (D:6)
  A leopard gecko skeleton (D:4)
  A leopard gecko zombie (D:6)
  2 rats
350 creatures vanquished.

Vanquished Creatures (others)
  An orc wizard (D:10)
  A gnoll (D:10)
  An adder zombie (D:6)
  A quokka skeleton (D:6)
  A bush (D:10)
  6 fungi (D:9)
  5 plants
16 creatures vanquished.

Grand Total: 366 creatures vanquished

Notes
Turn   | Place    | Note
-------+----------+-------------------------------------------
     0 | D:1      | Lanoc the Tengu Berserker began the quest for the Orb.
     0 | D:1      | Reached XP level 1. HP: 14/14 MP: 2/2
    84 | D:1      | Reached XP level 2. HP: 19/19 MP: 3/3
   298 | D:1      | You fall into a shaft and drop 1 floor!
   422 | D:3      | Reached XP level 3. HP: 17/23 MP: 4/4
   728 | D:3      | Found a white marble altar of Elyvilon.
  1007 | D:4      | Reached skill level 4 in Long Blades
  1268 | D:4      | Reached XP level 4. HP: 27/28 MP: 5/5
  1336 | D:4      | Noticed Menkaure
  1342 | D:4      | Killed Menkaure
  1342 | D:4      | Reached ** piety under Trog
  1342 | D:4      | Reached skill level 5 in Long Blades
  1342 | D:4      | Gained mutation: You can fly continuously. [Tengu growth]
  1342 | D:4      | Reached XP level 5. HP: 33/33 MP: 6/6
  1385 | D:4      | Reached XP level 6. HP: 37/38 MP: 7/7
  1397 | D:4      | Noticed Blork the orc
  1402 | D:4      | Killed Blork the orc
  1443 | D:4      | Noticed Pikel
  2058 | D:4      | Found a staircase to the Ecumenical Temple.
  2067 | Temple   | Entered the Ecumenical Temple
  2137 | D:5      | Entered Level 5 of the Dungeon
  2389 | D:5      | Reached skill level 6 in Long Blades
  2389 | D:5      | Reached XP level 7. HP: 29/44 MP: 8/8
  2818 | D:5      | Got a faintly glowing shortbow
  2819 | D:5      | Identified the +6 shortbow "Foip" {freeze, rElec Str+2}
                  | (You found it on level 5 of the Dungeon)
  3078 | D:6      | Got a smoking mace
  3079 | D:6      | Identified the +3 mace of Reinforcement {vorpal, rElec rF+
                  | Dex-2} (You found it on level 6 of the Dungeon)
  3141 | D:6      | Noticed Maggie
  3150 | D:6      | Killed Maggie
  3150 | D:6      | Reached skill level 5 in Fighting
  3150 | D:6      | Reached skill level 7 in Long Blades
  3150 | D:6      | Reached skill level 5 in Armour
  3150 | D:6      | Reached skill level 5 in Dodging
  3150 | D:6      | Reached XP level 8. HP: 49/49 MP: 9/9
  3213 | D:6      | Found a snail-covered altar of Cheibriados.
  3277 | D:6      | Found a glowing drain.
  3299 | Sewer    | Entered a sewer
  3453 | Sewer    | Reached skill level 8 in Long Blades
  3491 | Sewer    | Reached *** piety under Trog
  3648 | Sewer    | Reached XP level 9. HP: 52/55 MP: 10/10
  3938 | D:6      | Found a glowing golden altar of the Shining One.
  4430 | D:7      | Reached skill level 9 in Long Blades
  4535 | D:7      | Found the +15 Maxwell's patent armour {-Cast -Tele rElec
                  | MR+ rCorr}
  5197 | D:8      | Reached **** piety under Trog
  5288 | D:8      | Reached skill level 10 in Long Blades
  5317 | D:8      | Reached XP level 10. HP: 24/61 MP: 11/11
  5324 | D:8      | Found Rups's Armour Shop.
  5333 | D:8      | Noticed a two-headed ogre
  5344 | D:8      | Found a flagged portal.
  5353 | Bailey   | Entered a bailey
  5355 | Bailey   | HP: 3/61 [orc warrior/bolt (8)]
  5358 | Bailey   | Gained mutation: You are resistant to hostile enchantments.
                  | (MR+) [potion of mutation]
  5358 | Bailey   | Gained mutation: You are dopey. (Int -2) [potion of
                  | mutation]
  5358 | Bailey   | Gained mutation: Your flesh is cold resistant. (rC+)
                  | [potion of mutation]
  5358 | Bailey   | Gained mutation: You expend magic power (3 MP) to
                  | strengthen your wands. [potion of mutation]
  5363 | Bailey   | Noticed an orc knight
  5376 | Bailey   | Noticed an orc knight
  5665 | D:7      | Killed a two-headed ogre
  5734 | D:8      | Killed an orc knight
  5939 | D:8      | Found a shimmering blue altar of Sif Muna.
  6278 | D:8      | Reached skill level 11 in Long Blades
  6284 | D:8      | Reached ***** piety under Trog
  6975 | D:9      | Found Aboy's Magic Scroll Boutique.
  7276 | D:9      | Found a staircase to the Lair.
  7579 | D:10     | Entered Level 10 of the Dungeon
  7764 | D:10     | Reached XP level 11. HP: 68/68 MP: 12/12
  7786 | D:10     | Killed an unseen horror
  8063 | D:10     | Noticed a two-headed ogre
  8077 | D:10     | Killed a two-headed ogre
  8077 | D:10     | Reached skill level 12 in Long Blades
  8103 | D:10     | Received a gift from Trog
  8528 | D:10     | Found a blossoming altar of Fedhas.
  9125 | D:11     | Reached skill level 1 in Shields
  9663 | D:12     | Reached skill level 13 in Long Blades
  9663 | D:12     | Reached XP level 12. HP: 49/76 MP: 13/13
  9845 | D:12     | Noticed Josephine
  9852 | D:12     | Killed Josephine
 10225 | D:12     | Reached skill level 10 in Armour
 10232 | D:12     | Reached skill level 10 in Dodging
 10337 | D:12     | Received a gift from Trog
 10684 | D:12     | Found a staircase to the Orcish Mines.
 10692 | D:12     | Found a shimmering blue altar of Sif Muna.
 10710 | D:12     | Noticed a six-headed hydra
 10743 | D:13     | Noticed a four-headed hydra
 10884 | D:14     | Reached skill level 14 in Long Blades
 11070 | D:14     | Reached skill level 10 in Fighting
 11099 | D:14     | Reached XP level 13. HP: 70/82 MP: 14/14
 11278 | D:14     | Found a gate to the Vaults.
 11278 | D:14     | Noticed an ironheart preserver
 11293 | D:14     | Killed an ironheart preserver
 11600 | D:15     | Entered Level 15 of the Dungeon
 11648 | D:15     | HP: 3/124 [meliai/divine providence (12)]
 11652 | D:15     | Killed from afar by a meliai

Illustrated notes

Levels and vault maps discovered:
D:1:      dpeg_arrival_orchard, layout_rooms
D:2:      layout_loops_cross
D:3:      kennysheep_big_flooded_room, layout_loops_cross, elyvilon_altar_1
D:4:      layout_loops_ring, minmay_temple_entry_statues, uniq_menkaure,
          uniq_pikel, uniq_blork_the_orc
D:5:      layout_loops_ring, eino_tiny_chamber, grunt_decor_arrowhead,
          guppyfry_early_lair_pool
D:6:      layout_gridville, kennysheep_mini_moat, slow_altar_1,
          portal_sewer_entry_a, chequers_jeans, lemuel_flamethrower_2,
          uniq_maggie
D:7:      layout_loops_ring
D:8:      kennysheep_housing_project, layout_cave_pools, lemuel_blue_sif_altar,
          enter_bailey_6, serial_shops, shop_coins, minmay_misc_feat_enclosed
D:9:      kennysheep_steamy, layout_irregular_city, lair_entry_dummy,
          serial_shops, shop
D:10:     layout_basic, fedhas_bush_and_centaur_altar
D:11:     layout_basic
D:12:     layout_irregular_city, david_orc_3, basic_altar, uniq_josephine
D:13:     layout_loops_corners
D:14:     layout_loops_corners, skrybe_vaults_entry_preservation, minmay_holes,
          basic_altar, kennysheep_generic_room_6
D:15:     grunt_enter_depths_hoard, layout_irregular_city,
          evilmike_ruin_ashenzari, feat_on_display, uniq_rupert
Temple:   dpeg_five_rooms_temple

Skill      XL: |  1  2  3  4  5  6  7  8  9 10 11 12 13 |
---------------+----------------------------------------+-----
Long Blades    | 4 5 6 7 8 10 11 13 14 | 14.0
Dodging        | 3 4 5 7 8 9 10 11 | 11.3
Armour         | 3 4 5 7 8 9 10 11 | 11.2
Fighting       | 4 5 6 7 9 10 | 10.6
Shields        | 2 4 |  4.0

Action                   |  1- 3 |  4- 6 |  7- 9 | 10-12 | 13-15 || total
-------------------------+-------+-------+-------+-------+-------++-------
Melee: Falchion          |    53 |    80 |   224 |       |       ||   357
       Peck              |    13 |    18 |    68 |   174 |    28 ||   301
       Kick              |    13 |    32 |   119 |   295 |    49 ||   508
       Mace              |       |       |     3 |       |       ||     3
       Scimitar          |       |       |    22 |   551 |    86 ||   659
Invok: Berserk           |       |     2 |     7 |    16 |     1 ||    26
       Trog's Hand       |       |       |     1 |     1 |     1 ||     3
 Abil: Fly               |       |     1 |       |       |       ||     1
  Use: Scroll            |       |       |     6 |     2 |       ||     8
       Potion            |       |       |       |     6 |     1 ||     7
 Stab: Sleeping          |     2 |       |       |       |       ||     2
Armor: Animal skin       |     6 |       |       |       |       ||     6
       Plate armour      |     6 |    61 |    89 |   298 |    36 ||   490
       Acid dragon scale |       |       |    32 |       |       ||    32
Dodge: Dodged            |    27 |    22 |   166 |   361 |    54 ||   630
Block: Buckler           |       |       |       |    48 |    18 ||    66
       Rpst.: Falchion   |    11 |     5 |    45 |       |       ||    61
       Scimitar          |       |       |     4 |    86 |    12 ||   102

Table legend: (Time is in decaauts)
 A = Elapsed time spent in this place.
 B = Non-inter-level travel time spent in this place.
 C = Inter-level travel time spent in this place.
 D = Time resting spent in this place.
 E = Time spent auto-exploring this place.
 F = Levels seen in this place.
 G = Mean time per level.
                   A        B        C        D        E       F      G
               +--------+--------+--------+--------+--------+-----+--------+
         Total |  11147 |  10794 |    353 |    763 |   7853 |  18 |  619.3 |
       Dungeon |  10648 |  10295 |    353 |    763 |   7520 |  15 |  709.9 |
        Temple |      1 |      1 |      0 |      0 |      0 |   1 |    1.0 |
         Sewer |    455 |    455 |      0 |      0 |    332 |   1 |  455.0 |
        Bailey |     41 |     41 |      0 |      0 |      0 |   1 |   41.0 |
               +--------+--------+--------+--------+--------+-----+--------+

Top non-repeatable levels by time:
     D:8: 1283 daAuts
     D:7: 1208 daAuts
     D:4: 1129 daAuts
    D:10: 1113 daAuts
    D:12: 954 daAuts
     D:5: 880 daAuts
    D:11: 876 daAuts
    D:14: 741 daAuts
     D:9: 737 daAuts
     D:6: 630 daAuts
     D:3: 590 daAuts
   Sewer: 455 daAuts
     D:1: 299 daAuts
     D:2: 110 daAuts
    D:13: 48 daAuts
